cohdb
Replays
Latest Replays
All Replays
Popular Replays
Top Player Replays
Match Explorer
How It Works
Community
CoH3 Stats
Reddit
Sign in to upload your games and track your stats! →
Sign in with Steam
Match 41225101
Unlisted
Match 41225101
Overview
Messages
Build Orders
End
Construct Section Command Post
Infantry Section
Infantry Section
Infantry Section
Selects Canadian Shock Battlegroup
Selects Attacking Spirit
Construct Field Infirmary
Selects Canadian Shock Section
Canadian Shock Section
Vickers Machine Gun Team
Construct Platoon Command Post
Selects Incendiary Munitions
Unlock M3 Stuart Light Tanks
M3 Stuart Light Tank
Grenade Package
Infantry Training
Selects Pyrotechnics
Canadian Shock Section
M3 Stuart Light Tank
MADAO
JohnThicc
0
0
Comments
sign in to comment!
No comments posted yet!